 Dungeon Crawl Stone Soup version 0.16-a0-3935-gf5411c7 (webtiles) character file.

110 Minkie the Vexing (level 4, -6/33 HPs)
             Began as a Draconian Enchanter on Feb 5, 2015.
             Mangled by Natasha (8 damage)
             ... on level 3 of the Dungeon.
             The game lasted 00:09:25 (2762 turns).

Minkie the Vexing (Draconian Enchanter)             Turns: 2762, Time: 00:09:25

Health: -6/33      AC:  6    Str: 10    XL:     4   Next: 61%
Magic:  1/7        EV: 12    Int: 17    God:
Gold:   75         SH:  0    Dex: 11    Spells: 3 memorised, 1 level left

rFire  . . .     SeeInvis .     a - +1 dagger
rCold  . . .     Clarity  .     (armour unavailable)
rNeg   . . .     SustAb   +     (no shield)
rPois  .         Gourm    .     (helmet restricted)
rElec  .         Spirit   .     (no cloak)
rCorr  .         Warding  .     l - +0 pair of gloves
rMut   .         Stasis   .     (no boots)
MR     .....                    (no amulet)
Stlth  ++........               k - ring of sustain abilities
                                b - ring of wizardry

@: slowed, very slow, not resistant to hostile enchantments, unstealthy
A: unfitting armour, cold-blooded, AC +5
a: no special abilities


You were on level 3 of the Dungeon.
You were not hungry.

You visited 1 branch of the dungeon, and saw 3 of its levels.

You collected 75 gold pieces.

Inventory:

Hand weapons
 a - a +1 dagger (weapon)
Missiles
 i - 5 tomahawks (quivered)
Armour
 l - a +0 pair of gloves (worn)
Jewellery
 b - a ring of wizardry (left hand)
 k - a ring of sustain abilities (right hand)
Scrolls
 e - a scroll of fog {unknown}
 f - a scroll of identify {unknown}
 h - a scroll of recharging {unknown}
 j - 2 scrolls of remove curse {unknown}
 o - a scroll of teleportation {unknown}
Potions
 m - 2 potions of magic {unknown}
 n - a potion of cure mutation {unknown}
Books
 c - a book of Maledictions

   Spells                             Type                      Level
   a - Corona                         Hexes                        1
   b - Sure Blade                     Hexes/Charms                 2
   c - Ensorcelled Hibernation        Hexes/Ice                    2
   d - Confuse                        Hexes                        3
   e - Dazzling Spray                 Conjuration/Hexes            3
   f - Enslavement                    Hexes                        4
Comestibles
 d - 2 bread rations
 g - 2 beef jerkies


   Skills:
 * Level 3.2 Short Blades
 - Level 1.7 Dodging
 + Level 3.4 Stealth
 - Level 2.0 Spellcasting
 + Level 3.4 Hexes


You had one spell level left.
You knew the following spells:

 Your Spells              Type           Power        Failure   Level  Hunger
a - Corona                Hex            ##.....      2%          1    #......
b - Ensorcelled Hibernat  Hex/Ice        #.....       7%          2    ###....
c - Confuse               Hex            ##......     7%          3    ###....


Dungeon Overview and Level Annotations

Branches:
Dungeon (3/15)

Altars:
Nemelex Xobeh

Annotations:
D:3 Natasha


Innate Abilities, Weirdness & Mutations

Your plain brown scales are hard (AC +5).
Your body does not fit into most forms of armour.
Your cold-blooded metabolism reacts poorly to cold.


Message History

Confirm with . or Enter, or press ? or * to list all spells.
Aiming: Ensorcelled Hibernation
Press: ? - help, Shift-Dir - straight line, f - Natasha
Aim: Natasha (chance 38%) Natasha resists with some effort.
The white imp closely misses you. The iron imp barely misses you.
Natasha claws you.
* * * LOW HITPOINT WARNING * * *
The white imp hits you.
* * * LOW HITPOINT WARNING * * *
The white imp freezes you.
* * * LOW HITPOINT WARNING * * *
The iron imp hits you.
* * * LOW HITPOINT WARNING * * *
Casting: Ensorcelled Hibernation
Confirm with . or Enter, or press ? or * to list all spells.
You don't have enough magic to cast that spell.
You hit Natasha.
Natasha is lightly wounded.
Natasha claws you!
You die...

#..#####.#####
#.#
#.......<†...#
#.#
##.#####†###.#
#.# #.# # #.#
#.###.###.#
#.......(.# #
#.###.##(##.##
#.##...#5....#
+......@h#<..#
#.##...#5..#..#
##.##..## ..#
## #..# ...
...# # #.## #.#
#.# .


You could see an iron imp, Natasha and a white imp.

Vanquished Creatures
  3 adders (D:2)
  3 worms (D:2)
  2 giant geckos
  An ooze (D:1)
  A ball python (D:2)
  10 bats
  3 giant cockroaches (D:2)
  6 goblins
  5 hobgoblins
  11 jackals
  A quokka (D:2)
  A giant newt (D:1)
  6 kobolds
  7 rats
60 creatures vanquished.

Notes
Turn   | Place    | Note
--------------------------------------------------------------
     0 | D:1      | Minkie, the Draconian Enchanter, began the quest for the Orb.
     0 | D:1      | Reached XP level 1. HP: 14/14 MP: 3/3
   239 | D:1      | Reached XP level 2. HP: 5/20 MP: 4/4
   243 | D:1      | Learned a level 2 spell: Ensorcelled Hibernation
   717 | D:1      | Reached skill level 3 in Hexes
   939 | D:1      | Found a sparkling altar of Nemelex Xobeh.
  1602 | D:2      | Reached XP level 3. HP: 26/26 MP: 6/6
  1964 | D:2      | Reached XP level 4. HP: 30/33 MP: 3/7
  1969 | D:2      | Learned a level 3 spell: Confuse
  2751 | D:3      | Noticed Natasha
  2762 | D:3      | Mangled by Natasha

Action                   |  1- 3 |  4- 6 || total
-------------------------+-------+-------++-------
Melee: Dagger            |   177 |    58 ||   235
 Cast: Ensorcelled Hiber |    16 |    11 ||    27
       Confuse           |       |     2 ||     2
 Stab: Sleeping          |    14 |     7 ||    21
  Eat: Chunk             |     4 |     4 ||     8
